 Dungeon Crawl Stone Soup version 0.28-a0-1213-g0243856f03 (webtiles) character file.

Game seed: 6610612935443878811

2333 bande the Chopper (level 9, -3/55 HPs)
             Began as a Gargoyle Fighter on Dec 21, 2021.
             Was a Believer of Okawaru.
             Slain by a wight (13 damage)
             ... on level 7 of the Dungeon.
             The game lasted 00:11:59 (8522 turns).

bande the Chopper (Gargoyle Fighter)                Turns: 8522, Time: 00:11:59

Health: -3/55      AC: 16    Str: 19    XL:     9   Next: 42%
Magic:  11/11      EV:  7    Int: 10    God:    Okawaru [**....]
Gold:   370        SH:  6    Dex: 13    Spells: 8/8 levels left

rFire   . . .      SeeInvis .   a - +1 war axe (drain)
rCold   . . .      Faith    .   c - +1 buckler
rNeg    + . .      Spirit   .   i - +0 chain mail
rPois   ∞          Reflect  .   (no helmet)
rElec   +          Harm     .   (no cloak)
rCorr   .          Rampage  .   (no gloves)
Will    .....                   (no boots)
Stlth   ..........              (no amulet)
HPRegen 0.18/turn               (no ring)
MPRegen 0.12/turn               (no ring)

@: no status effects
A: sickness immunity, AC +6, negative energy resistance 1, electricity
resistance, torment resistance 1, petrification resistance
a: Renounce Religion, Heroism


You were on level 7 of the Dungeon.
You worshipped Okawaru.
Okawaru was pleased with you.
You visited 2 branches of the dungeon, and saw 8 of its levels.

You collected 370 gold pieces.

Inventory:

Hand Weapons
 a - a +1 war axe of draining (weapon)
 l - a +0 mace of protection
Missiles
 s - a throwing net (quivered)
Armour
 c - a +1 buckler (worn)
 i - a +0 chain mail (worn)
Jewellery
 r - a ring of positive energy
 t - a +6 ring of strength
Wands
 b - a wand of iceblast (7)
 g - a wand of polymorph (6)
 k - a wand of flame (47)
 p - a wand of charming (8)
Scrolls
 j - 3 scrolls of enchant weapon
 m - 2 scrolls of teleportation
 n - a scroll of enchant armour
 o - 6 scrolls of identify
Potions
 d - 2 potions of might
 e - 2 potions of haste
 f - a potion of magic
 h - 2 potions of curing
 q - a potion of cancellation
 u - a potion of invisibility {unknown}


   Skills:
 + Level 6.0 Fighting
 + Level 7.4 Axes
 + Level 6.7 Armour
 - Level 0.1 Stealth
 + Level 5.6 Shields
 * Level 3.1 Invocations
 * Level 2.9 Evocations


You had 8 spell levels left.
You didn't know any spells.
Your spell library contained the following spells:

 Spells                   Type           Power      Damage    Failure   Level
 Foxfire                  Conj/Fire      0%         2x1d4     98%         1
 Static Discharge         Conj/Air       0%         N/A       99%         2
 Conjure Flame            Conj/Fire      0%         6-21      100%        3
 Inner Flame              Hex/Fire       0%         N/A       100%        3
 Dispel Undead            Necr           0%         3d6       100%        4
 Flame Wave               Conj/Fire      0%         2d4       100%        4
 Sticky Flame             Conj/Fire      0%         2d3       100%        4


Dungeon Overview and Level Annotations

Branches:
Dungeon (7/15)             Temple (1/1) D:5

Altars:
Ashenzari
Cheibriados
Dithmenos
Elyvilon
Fedhas
Gozag
Hepliaklqana
Kikubaaqudgha
Nemelex Xobeh
Okawaru
Qazlal
Ru
Sif Muna
Trog
Uskayaw
Vehumet
Wu Jian
Xom
Zin

Shops:
D:3 [


Innate Abilities, Weirdness & Mutations

You are immune to sickness and miasma.
Your stone body is resilient. (AC +6)
You are immune to poison.
You resist negative energy. (rN+)
You are resistant to electric shocks. (rElec)
You are resistant to unholy torment.
You are immune to petrification.


Message History

You closely miss the wight. You completely miss the wight. You hit something.
You hear some strange, mumbled words.
A magic dart appears from out of thin air!
The magic dart hits you but does no damage.
The wight barely misses you. x2
You hit the wight but do no damage. You hit something.
Okawaru accepts your kill.
Reactivating autopickup.
You feel a bit more experienced.
You barely miss the wight. You block the wight's attack.
The wight hits you with a +3 great sword!
Unknown command.
You barely miss the wight. You closely miss the wight.
A wight comes into view. It is wielding a +0 dire flail.
The wight hits you with a +4 battleaxe.
The wight hits you with a +3 great sword!
Unknown command.
You hit the wight.
The wight is moderately damaged.
You hit the wight. The wight barely misses you.
The wight hits you but does no damage.
You barely miss the wight.
The wight is moderately damaged.
You closely miss the wight. The wight closely misses you.
The wight hits you with a +3 great sword!
* * * LOW HITPOINT WARNING * * *
Unknown command.
You hit the wight.
The wight is heavily damaged.
You hit the wight but do no damage. The wight hits you with a +4 battleaxe.
* * * LOW HITPOINT WARNING * * *
The wight hits you but does no damage. You block the wight's attack.
Unknown command.
The wight hits you with a +3 great sword.
* * * LOW HITPOINT WARNING * * *
The wight closely misses you.
You feel better.
A wight comes into view. It is wielding a +0 hand axe.
The wight hits you with a +4 battleaxe!
You die...

#.##.##†.........#
#.....)).....###.#
#......##...## #.#
#.##.#.###### ##.##
#.#..#.# #...# ###.#.##.#
#...# #####........###
#...#
......#........######...###
...z..).zz@..#.##..........
.)....)..z#..#.............
.......##.#..####..........
....... ..#..# #####...#.#
#####........# ###.).#.#
##.#.###.# #.......# ....
..# #.#...#.. ##.#. ###
#.##.##.# ####### #.##....#


You could see 4 wights.

Vanquished Creatures
  The ghost of Bl4cKSa5uke the Skirmisher, an amateur HOWn (D:4)
  An orc warrior (D:7)
  2 sky beasts
  A black bear (D:6)
  2 ice beasts
  2 ogres
  2 necrophages
  A centaur (D:6)
  3 scorpions
  A gnoll sergeant (D:4)
  A jelly (D:5)
  5 wights (D:7)
  A bullfrog zombie (D:5)
  3 hounds
  3 orc priests (D:7)
  A centaur skeleton (D:7)
  An iguana (D:4)
  3 orc wizards (D:7)
  A hound zombie (D:5)
  A hound skeleton (D:5)
  14 gnolls
  A howler monkey skeleton (D:6)
  9 adders
  4 ufetubi
  An adder skeleton (D:4)
  A worm (D:4)
  A dart slug (D:5)
  16 orcs
  6 ball pythons
  4 bats
  5 endoplasms
  6 giant cockroaches
  9 goblins
  14 hobgoblins
  4 quokkas
  2 frilled lizards (D:1)
  8 kobolds
  7 rats
148 creatures vanquished.

Notes
Turn   | Place    | Note
-------+----------+-------------------------------------------
     0 | D:1      | bande the Gargoyle Fighter began the quest for the Orb.
     0 | D:1      | Reached XP level 1. HP: 14/14 MP: 1/1
    70 | D:1      | Reached XP level 2. HP: 9/19 MP: 2/2
   355 | D:1      | Reached skill level 2 in Axes
   711 | D:1      | Reached XP level 3. HP: 23/23 MP: 3/3
   955 | D:2      | Noticed a necrophage
   961 | D:2      | Killed a necrophage
   962 | D:2      | Reached skill level 3 in Axes
   962 | D:2      | Reached XP level 4. HP: 26/29 MP: 4/4
  1044 | D:2      | Reached XP level 5. HP: 33/33 MP: 5/5
  1214 | D:2      | Found a faded altar of an unknown god.
  1828 | D:3      | Noticed an ice beast
  1839 | D:3      | Killed an ice beast
  1840 | D:3      | Reached skill level 4 in Axes
  1840 | D:3      | Reached XP level 6. HP: 18/38 MP: 6/6
  2203 | D:3      | Found Purao's Antique Armour Shop.
  3112 | D:4      | Reached skill level 5 in Armour
  3112 | D:4      | Reached XP level 7. HP: 7/44 MP: 7/7
  5067 | D:4      | Reached skill level 5 in Axes
  5164 | D:4      | Found a runed translucent door.
  5165 | D:4      | Noticed Bl4cKSa5uke's ghost (amateur HOWn)
  5254 | D:4      | Found a snail-covered altar of Cheibriados.
  5255 | D:4      | Found a white marble altar of Elyvilon.
  5358 | D:4      | Killed Bl4cKSa5uke's ghost
  5359 | D:4      | Reached skill level 5 in Fighting
  5406 | D:5      | Entered Level 5 of the Dungeon
  5611 | D:5      | Reached XP level 8. HP: 49/49 MP: 8/8
  5736 | D:5      | Found a staircase to the Ecumenical Temple.
  5764 | Temple   | Entered the Ecumenical Temple
  5943 | Temple   | Became a worshipper of Warmaster Okawaru
  6209 | D:5      | Reached skill level 1 in Evocations
  6504 | D:6      | Reached skill level 6 in Axes
  6510 | D:6      | Reached skill level 5 in Shields
  6632 | D:6      | Reached skill level 1 in Invocations
  7197 | D:6      | Reached * piety under Okawaru
  7372 | D:7      | HP: 2/50 [orc priest/nerve-wracking pain (5)]
  7395 | D:6      | Reached XP level 9. HP: 10/55 MP: 10/10
  7912 | D:7      | Reached skill level 7 in Axes
  8395 | D:7      | Reached ** piety under Okawaru
  8518 | D:7      | HP: 2/55 [wight (4)]
  8522 | D:7      | Slain by a wight

Illustrated notes

Levels and vault maps discovered:
D:1:      tarquinn_simple_flora_water_e, layout_basic
D:2:      layout_basic, shapermc_ecumenical_altar_venn
D:3:      corexii_shack_village, layout_basic, serial_shops, shop, minivault_25,
          minmay_fractal_squares_diagonal_5
D:4:      layout_gridville, mainiacjoe_overflow_divided_tiny,
          ebering_ghost_reflecting_pool, dk_rats_in_the_wall
D:5:      layout_basic, minmay_temple_entry_large_hall, minmay_misc_feat_room
D:6:      layout_gridville
D:7:      layout_loops_cross
Temple:   minmay_crystal_spiral_temple

Skill      XL: |  1  2  3  4  5  6  7  8  9 |
---------------+----------------------------+-----
Axes           | 2 3 4 5 6 7 |  7.4
Fighting       | 4 5 6 |  6.0
Armour         | 4 5 6 |  6.7
Shields        | 4 5 |  5.6
Evocations     | 2 |  2.9
Invocations    | 2 3 |  3.1
Stealth        | |  0.1

Action                   |  1- 3 |  4- 6 |  7- 9 || total
-------------------------+-------+-------+-------++-------
Melee: War axe           |    64 |   170 |   315 ||   549
  Use: Scroll            |     3 |     3 |     8 ||    14
       Potion            |       |       |     4 ||     4
Armor: Scale mail        |    46 |    30 |       ||    76
       Chain mail        |       |    72 |   217 ||   289
Dodge: Dodged            |    26 |    69 |   108 ||   203
Block: Buckler           |    13 |    44 |   118 ||   175

Table legend: (Time is in decaauts)
 A = Elapsed time spent in this place.
 B = Non-inter-level travel time spent in this place.
 C = Inter-level travel time spent in this place.
 D = Time resting spent in this place.
 E = Time spent auto-exploring this place.
 F = Levels seen in this place.
 G = Mean time per level.
                   A        B        C        D        E       F      G
               +--------+--------+--------+--------+--------+-----+--------+
         Total |   8680 |   8471 |    209 |   2692 |   4367 |   8 | 1085.0 |
       Dungeon |   8413 |   8288 |    125 |   2692 |   4210 |   7 | 1201.9 |
        Temple |    266 |    182 |     84 |      0 |    157 |   1 |  266.0 |
               +--------+--------+--------+--------+--------+-----+--------+

Top non-repeatable levels by time:
     D:3: 2935 daAuts
     D:6: 1335 daAuts
     D:1: 970 daAuts
     D:4: 933 daAuts
     D:5: 817 daAuts
     D:7: 729 daAuts
     D:2: 690 daAuts
  Temple: 266 daAuts
